[ AOE2 MATCH · #469019607 ]
UnrankedKhmer vs Malay
[ REPLAY ANALYSIS · EXTRACTED FROM THE RECORDED GAME ]
Feudal
9:48
Castle
20:10
Imperial
59:39
| APM avg | 42.8 |
| APM peak | 96 |
| eAPM avg | 30.4 |
| Villagers / military | 270 / 999 |
Focus
⚔️ 55.0% · 🌾 45.0%
Scout Cavalry ×469 · Skirmisher ×456 · Trade Cart ×25 · Knight ×23 · Battle Elephant ×19 · Demolition Raft ×9
Feudal
12:07
Castle
21:43
Imperial
34:21
| APM avg | 30.6 |
| APM peak | 70 |
| eAPM avg | 20.6 |
| Villagers / military | 188 / 901 |
Focus
⚔️ 45.7% · 🌾 54.3%
Skirmisher ×297 · Samurai ×261 · Spearman ×235 · Trade Cart ×67 · Fire Galley ×34 · Fishing Ship ×23
Feudal
10:26
Castle
20:55
Imperial
31:09
| APM avg | 27.0 |
| APM peak | 73 |
| eAPM avg | 15.5 |
| Villagers / military | 162 / 1097 |
Focus
⚔️ 49.2% · 🌾 50.8%
Militia ×822 · Archer ×237 · Trade Cart ×73 · Bombard Cannon ×22 · Fishing Ship ×8 · Spearman ×5
Feudal
8:53
Castle
20:55
Imperial
38:08
| APM avg | 50.5 |
| APM peak | 78 |
| eAPM avg | 27.5 |
| Villagers / military | 244 / 647 |
Focus
⚔️ 61.9% · 🌾 38.1%
Scout Cavalry ×433 · Cavalry Archer ×155 · Trade Cart ×56 · Battering Ram ×19 · Unknown (2626) ×12 · Keshik ×11
Feudal
9:23
Castle
24:14
Imperial
40:53
| APM avg | 33.8 |
| APM peak | 82 |
| eAPM avg | 24.4 |
| Villagers / military | 219 / 1053 |
Focus
⚔️ 56.7% · 🌾 43.3%
Spearman ×688 · Knight ×261 · Scout Cavalry ×89 · Trade Cart ×7 · Mangonel ×6 · Battering Ram ×5
Feudal
11:02
Castle
15:36
Imperial
38:32
| APM avg | 76.5 |
| APM peak | 141 |
| eAPM avg | 32.4 |
| Villagers / military | 227 / 472 |
Focus
⚔️ 35.8% · 🌾 64.2%
Conquistador ×199 · Scout Cavalry ×140 · Knight ×91 · Trade Cart ×31 · Battering Ram ×24 · Trebuchet (Packed) ×7
Match map
Initial resources + every placement click. Lines = walls · curves = elevation contours. ◆ gold · ⬟ stone · ● berries · ✦ relic · ◌ wall gap
Inputs per minute
— Outback_Wizard - - AdrianJPG
Build order — Outback_Wizard
First 150 of 1772 actions detected
| 0:01 | Create | Villager (Male) |
| 0:01 | Create | Villager (Male) |
| 0:02 | Build | House |
| 0:03 | Build | House |
| 0:10 | Create | Villager (Male) |
| 0:25 | Create | Villager (Male) |
| 0:25 | Create | Villager (Male) |
| 1:26 | Create | Villager (Male) |
| 1:26 | Create | Villager (Male) |
| 1:44 | Build | Lumber Camp |
| 1:58 | Create | Villager (Male) |
| 1:58 | Create | Villager (Male) |
| 2:17 | Create | Villager (Male) |
| 2:17 | Create | Villager (Male) |
| 2:44 | Create | Villager (Male) |
| 3:04 | Create | Villager (Male) |
| 3:05 | Create | Villager (Male) |
| 3:37 | Create | Villager (Male) |
| 3:37 | Create | Villager (Male) |
| 3:50 | Create | Villager (Male) |
| 3:50 | Create | Villager (Male) |
| 4:07 | Build | House |
| 4:27 | Build | Dock |
| 4:36 | Create | Villager (Male) |
| 4:44 | Build | Palisade Wall |
| 4:46 | Build | Palisade Wall |
| 4:55 | Create | Villager (Male) |
| 4:56 | Create | Villager (Male) |
| 4:56 | Create | Villager (Male) |
| 5:10 | Create | Fishing Ship |
| 5:16 | Build | Palisade Wall |
| 5:28 | Create | Villager (Male) |
| 5:28 | Create | Villager (Male) |
| 5:28 | Create | Villager (Male) |
| 5:35 | Build | House |
| 5:55 | Create | Fishing Ship |
| 6:20 | Create | Villager (Male) |
| 6:46 | Create | Villager (Male) |
| 6:46 | Create | Villager (Male) |
| 6:49 | Research | Loom |
| 6:52 | Create | Fishing Ship |
| 7:30 | Build | House |
| 7:38 | Research | Feudal Age |
| 8:24 | Build | Barracks |
| 8:38 | Build | Palisade Wall |
| 8:45 | Build | Mill |
| 8:53 | Create | Fishing Ship |
| 9:10 | Build | Palisade Wall |
| 9:48 | Age | Feudal Age |
| 9:57 | Build | Stable |
| 10:03 | Build | Palisade Wall |
| 10:06 | Create | Villager (Male) |
| 10:13 | Build | Palisade Wall |
| 10:25 | Research | Double-Bit Axe |
| 10:50 | Create | Scout Cavalry |
| 10:51 | Create | Scout Cavalry |
| 10:53 | Build | House |
| 11:02 | Build | Palisade Wall |
| 11:06 | Create | Fire Galley |
| 11:27 | Create | Villager (Male) |
| 11:29 | Create | Scout Cavalry |
| 11:33 | Build | Building 800 |
| 11:46 | Build | House |
| 11:56 | Create | Villager (Male) |
| 12:08 | Build | Palisade Wall |
| 12:21 | Build | Lumber Camp |
| 12:26 | Research | Horse Collar |
| 12:33 | Create | Fire Galley |
| 12:46 | Create | Villager (Male) |
| 12:53 | Create | Villager (Male) |
| 13:05 | Build | Palisade Wall |
| 13:14 | Build | Farm |
| 13:17 | Build | Palisade Wall |
| 13:22 | Create | Villager (Male) |
| 13:27 | Create | Villager (Male) |
| 13:29 | Build | Farm |
| 13:31 | Build | Farm |
| 13:37 | Create | Villager (Male) |
| 13:47 | Create | Villager (Male) |
| 13:56 | Build | Mining Camp |
| 14:10 | Build | Farm |
| 14:11 | Create | Villager (Male) |
| 14:13 | Build | Farm |
| 14:30 | Build | Farm |
| 14:30 | Build | Farm |
| 14:30 | Build | Farm |
| 14:31 | Build | Farm |
| 14:54 | Build | Farm |
| 14:56 | Build | Farm |
| 14:57 | Build | Farm |
| 14:58 | Create | Villager (Male) |
| 15:02 | Build | Farm |
| 15:10 | Create | Villager (Male) |
| 15:23 | Create | Villager (Male) |
| 15:32 | Create | Demolition Raft |
| 15:53 | Create | Villager (Male) |
| 16:14 | Create | Villager (Male) |
| 16:14 | Create | Villager (Male) |
| 16:19 | Build | Market |
| 16:44 | Create | Fire Galley |
| 16:48 | Create | Unit 2626 |
| 16:51 | Create | Galley |
| 17:14 | Create | Demolition Raft |
| 17:18 | Create | Villager (Male) |
| 17:27 | Research | Castle Age |
| 17:48 | Build | Dock |
| 17:53 | Build | Stable |
| 18:01 | Build | Blacksmith |
| 18:17 | Build | Stable |
| 18:26 | Create | Demolition Raft |
| 18:57 | Research | Scale Barding Armor |
| 18:58 | Research | Forging |
| 19:02 | Build | Stable |
| 19:03 | Build | Stable |
| 19:45 | Build | Stable |
| 20:06 | Research | Bloodlines |
| 20:10 | Age | Castle Age |
| 20:12 | Create | Battle Elephant |
| 20:12 | Create | Battle Elephant |
| 20:18 | Build | Town Center |
| 20:18 | Research | Bow Saw |
| 20:24 | Research | Husbandry |
| 20:27 | Create | Battle Elephant |
| 20:27 | Create | Battle Elephant |
| 20:39 | Create | Villager (Male) |
| 20:43 | Build | House |
| 21:04 | Create | Villager (Male) |
| 21:04 | Create | Villager (Male) |
| 21:07 | Research | Tech 905 |
| 21:20 | Create | Villager (Male) |
| 21:20 | Create | Villager (Male) |
| 21:26 | Build | Farm |
| 21:27 | Create | Villager (Male) |
| 21:37 | Research | Town Watch |
| 21:41 | Create | Battle Elephant |
| 21:41 | Create | Battle Elephant |
| 21:55 | Build | Farm |
| 21:56 | Create | Villager (Male) |
| 21:56 | Create | Villager (Male) |
| 22:15 | Create | Battle Elephant |
| 22:17 | Build | Farm |
| 22:33 | Create | Battle Elephant |
| 22:49 | Create | Battle Elephant |
| 22:49 | Create | Battle Elephant |
| 23:03 | Create | Villager (Male) |
| 23:06 | Build | House |
| 23:12 | Build | Town Center |
| 23:37 | Research | Chain Barding Armor |
| 23:37 | Research | Chain Barding Armor |
| 24:04 | Create | Trade Cart |
Build order — AdrianJPG
First 150 of 929 actions detected
| 0:03 | Create | Villager (Male) |
| 0:03 | Create | Villager (Male) |
| 0:03 | Create | Villager (Male) |
| 0:06 | Build | House |
| 0:06 | Create | Villager (Male) |
| 0:08 | Build | House |
| 1:37 | Create | Villager (Male) |
| 2:17 | Create | Villager (Male) |
| 2:17 | Create | Villager (Male) |
| 2:20 | Create | Villager (Male) |
| 2:20 | Create | Villager (Male) |
| 2:20 | Create | Villager (Male) |
| 2:52 | Create | Villager (Male) |
| 2:52 | Create | Villager (Male) |
| 2:52 | Create | Villager (Male) |
| 2:53 | Create | Villager (Male) |
| 2:55 | Build | Lumber Camp |
| 3:37 | Create | Villager (Male) |
| 3:38 | Create | Villager (Male) |
| 3:38 | Create | Villager (Male) |
| 4:07 | Create | Villager (Male) |
| 4:18 | Build | Mill |
| 4:28 | Create | Villager (Male) |
| 4:29 | Create | Villager (Male) |
| 4:35 | Research | Loom |
| 4:35 | Research | Loom |
| 4:37 | Build | House |
| 5:06 | Create | Villager (Male) |
| 5:06 | Create | Villager (Male) |
| 5:50 | Build | House |
| 6:12 | Create | Villager (Male) |
| 6:12 | Create | Villager (Male) |
| 6:12 | Create | Villager (Male) |
| 6:31 | Build | House |
| 7:06 | Create | Villager (Male) |
| 7:06 | Create | Villager (Male) |
| 7:51 | Create | Villager (Male) |
| 7:51 | Create | Villager (Male) |
| 7:52 | Create | Villager (Male) |
| 7:52 | Create | Villager (Male) |
| 8:01 | Build | Palisade Wall |
| 8:08 | Create | Villager (Male) |
| 8:08 | Create | Villager (Male) |
| 8:38 | Build | Palisade Wall |
| 8:48 | Create | Villager (Male) |
| 8:48 | Create | Villager (Male) |
| 9:13 | Build | Farm |
| 9:35 | Research | Feudal Age |
| 9:35 | Research | Feudal Age |
| 9:41 | Build | Palisade Wall |
| 10:04 | Build | Mining Camp |
| 10:11 | Build | Dock |
| 11:07 | Build | Palisade Wall |
| 11:17 | Build | House |
| 11:27 | Build | Dock |
| 11:46 | Build | Palisade Wall |
| 11:48 | Build | Palisade Wall |
| 12:05 | Create | Villager (Male) |
| 12:06 | Create | Villager (Male) |
| 12:07 | Age | Feudal Age |
| 12:18 | Create | Galley |
| 12:18 | Create | Galley |
| 12:30 | Build | Blacksmith |
| 12:35 | Create | Galley |
| 12:35 | Create | Galley |
| 12:40 | Build | Farm |
| 12:43 | Build | Farm |
| 12:51 | Create | Villager (Male) |
| 12:51 | Create | Villager (Male) |
| 12:57 | Build | Farm |
| 13:16 | Create | Unit 2626 |
| 13:18 | Research | Fletching |
| 13:18 | Research | Fletching |
| 13:20 | Build | House |
| 13:25 | Create | Villager (Male) |
| 13:25 | Create | Villager (Male) |
| 13:39 | Create | Galley |
| 13:42 | Create | Fire Galley |
| 13:43 | Create | Fire Galley |
| 13:51 | Build | House |
| 13:55 | Build | House |
| 14:12 | Create | Unit 2626 |
| 14:23 | Create | Galley |
| 15:05 | Create | Villager (Male) |
| 15:06 | Create | Villager (Male) |
| 15:06 | Create | Villager (Male) |
| 15:06 | Create | Villager (Male) |
| 15:06 | Create | Villager (Male) |
| 15:08 | Build | Farm |
| 15:18 | Build | House |
| 15:44 | Build | Farm |
| 15:46 | Build | Farm |
| 15:47 | Build | Farm |
| 16:03 | Create | Galley |
| 16:04 | Create | Galley |
| 16:14 | Build | Farm |
| 16:14 | Build | Farm |
| 17:11 | Create | Villager (Male) |
| 17:11 | Create | Villager (Male) |
| 17:12 | Create | Villager (Male) |
| 17:12 | Create | Villager (Male) |
| 17:39 | Build | Market |
| 17:49 | Build | Farm |
| 18:07 | Build | Lumber Camp |
| 18:30 | Build | House |
| 18:31 | Build | House |
| 18:36 | Build | Farm |
| 19:00 | Build | Farm |
| 19:03 | Research | Castle Age |
| 19:04 | Research | Castle Age |
| 19:19 | Build | Dock |
| 19:38 | Create | Fire Galley |
| 19:38 | Create | Fire Galley |
| 20:22 | Create | Fishing Ship |
| 20:22 | Create | Fishing Ship |
| 20:22 | Create | Fishing Ship |
| 20:52 | Build | Dock |
| 20:52 | Create | Fishing Ship |
| 20:52 | Create | Fishing Ship |
| 20:53 | Create | Fishing Ship |
| 21:16 | Build | Stone Wall |
| 21:17 | Create | Villager (Male) |
| 21:17 | Create | Villager (Male) |
| 21:35 | Create | Fishing Ship |
| 21:35 | Create | Fishing Ship |
| 21:43 | Age | Castle Age |
| 21:57 | Create | Villager (Male) |
| 21:57 | Create | Villager (Male) |
| 21:57 | Create | Villager (Male) |
| 22:09 | Build | Town Center |
| 22:17 | Build | Stone Wall |
| 22:25 | Build | House |
| 22:30 | Research | Double-Bit Axe |
| 22:41 | Build | Stone Wall |
| 23:11 | Build | Stone Wall |
| 23:18 | Create | Villager (Male) |
| 23:18 | Create | Villager (Male) |
| 23:18 | Create | Villager (Male) |
| 23:18 | Create | Villager (Male) |
| 23:22 | Build | Mining Camp |
| 23:24 | Create | Villager (Male) |
| 23:24 | Create | Villager (Male) |
| 23:32 | Create | Villager (Male) |
| 23:32 | Create | Villager (Male) |
| 23:47 | Build | Town Center |
| 23:49 | Research | Bow Saw |
| 23:49 | Research | Bow Saw |
| 24:04 | Create | Villager (Male) |
| 24:04 | Create | Villager (Male) |
| 24:10 | Create | Fishing Ship |
Build order — Play_the_Puck
First 150 of 886 actions detected
| 0:00 | Create | Villager (Male) |
| 0:00 | Create | Villager (Male) |
| 0:01 | Create | Villager (Male) |
| 0:02 | Build | House |
| 0:03 | Build | House |
| 0:08 | Create | Villager (Male) |
| 0:08 | Create | Villager (Male) |
| 1:31 | Create | Villager (Male) |
| 1:51 | Build | Lumber Camp |
| 2:03 | Create | Villager (Male) |
| 2:03 | Create | Villager (Male) |
| 2:34 | Create | Villager (Male) |
| 2:51 | Create | Villager (Male) |
| 3:14 | Create | Villager (Male) |
| 3:55 | Build | House |
| 4:07 | Create | Villager (Male) |
| 4:07 | Create | Villager (Male) |
| 4:35 | Create | Villager (Male) |
| 4:36 | Create | Villager (Male) |
| 4:49 | Build | Dock |
| 4:52 | Create | Villager (Male) |
| 4:53 | Create | Villager (Male) |
| 5:05 | Build | Palisade Wall |
| 5:19 | Create | Villager (Male) |
| 5:19 | Create | Villager (Male) |
| 5:34 | Build | House |
| 5:37 | Create | Fishing Ship |
| 6:04 | Create | Fishing Ship |
| 6:33 | Create | Villager (Male) |
| 6:33 | Create | Villager (Male) |
| 6:34 | Create | Villager (Male) |
| 6:48 | Create | Fishing Ship |
| 7:10 | Create | Villager (Male) |
| 7:13 | Create | Villager (Male) |
| 7:25 | Build | House |
| 8:03 | Build | Palisade Wall |
| 8:06 | Build | Palisade Wall |
| 8:16 | Create | Villager (Male) |
| 8:18 | Research | Loom |
| 8:36 | Create | Villager (Male) |
| 8:52 | Research | Feudal Age |
| 9:17 | Build | Palisade Wall |
| 9:42 | Create | Fishing Ship |
| 9:51 | Build | House |
| 9:52 | Build | House |
| 10:03 | Create | Fishing Ship |
| 10:26 | Age | Feudal Age |
| 10:30 | Create | Villager (Male) |
| 10:53 | Create | Villager (Male) |
| 11:05 | Create | Villager (Male) |
| 11:07 | Research | Double-Bit Axe |
| 11:13 | Build | Mill |
| 11:29 | Build | Dock |
| 11:35 | Create | Unit 2626 |
| 11:51 | Build | Mining Camp |
| 12:02 | Create | Villager (Male) |
| 12:02 | Create | Villager (Male) |
| 12:02 | Create | Villager (Male) |
| 12:16 | Create | Fishing Ship |
| 12:16 | Create | Fishing Ship |
| 12:26 | Create | Fishing Ship |
| 12:52 | Build | Palisade Wall |
| 12:55 | Create | Villager (Male) |
| 12:55 | Create | Villager (Male) |
| 12:58 | Build | Palisade Wall |
| 13:15 | Create | Unit 2626 |
| 13:23 | Create | Unit 2626 |
| 13:24 | Create | Villager (Male) |
| 13:56 | Build | Palisade Wall |
| 14:01 | Create | Villager (Male) |
| 14:06 | Build | House |
| 14:07 | Build | House |
| 14:12 | Build | House |
| 14:14 | Research | Horse Collar |
| 14:19 | Research | Wheelbarrow |
| 14:49 | Create | Unit 2626 |
| 14:50 | Create | Fire Galley |
| 14:50 | Create | Fire Galley |
| 15:06 | Create | Villager (Male) |
| 15:06 | Create | Villager (Male) |
| 15:28 | Build | House |
| 15:46 | Build | Blacksmith |
| 15:50 | Build | Market |
| 16:03 | Create | Villager (Male) |
| 16:03 | Create | Villager (Male) |
| 16:25 | Build | House |
| 16:27 | Build | House |
| 16:44 | Build | Farm |
| 16:44 | Build | Farm |
| 16:44 | Build | Farm |
| 16:48 | Build | Farm |
| 17:13 | Create | Villager (Male) |
| 17:47 | Build | Farm |
| 17:47 | Build | Farm |
| 17:47 | Build | Farm |
| 17:49 | Create | Villager (Male) |
| 17:49 | Create | Villager (Male) |
| 17:58 | Build | Farm |
| 17:58 | Build | Farm |
| 18:34 | Build | House |
| 18:36 | Build | House |
| 19:19 | Research | Castle Age |
| 19:36 | Build | House |
| 19:39 | Build | House |
| 19:40 | Build | House |
| 19:57 | Create | Villager (Male) |
| 20:02 | Build | Barracks |
| 20:08 | Research | Gold Mining |
| 20:24 | Build | Farm |
| 20:55 | Age | Castle Age |
| 21:00 | Build | Archery Range |
| 21:04 | Build | Archery Range |
| 21:09 | Create | Villager (Male) |
| 21:10 | Research | Bow Saw |
| 21:14 | Build | Town Center |
| 21:30 | Build | House |
| 21:31 | Build | House |
| 21:32 | Build | House |
| 21:32 | Build | House |
| 21:53 | Create | Villager (Male) |
| 21:53 | Create | Villager (Male) |
| 22:15 | Research | Crossbowman (upgrade) |
| 22:17 | Research | Fletching |
| 22:48 | Create | Villager (Male) |
| 22:48 | Create | Villager (Male) |
| 22:49 | Create | Villager (Male) |
| 22:58 | Research | Bodkin Arrow |
| 23:02 | Build | Farm |
| 23:02 | Build | Farm |
| 23:02 | Build | Farm |
| 23:06 | Build | Farm |
| 23:06 | Build | Farm |
| 23:15 | Create | Villager (Male) |
| 23:15 | Create | Villager (Male) |
| 23:17 | Build | Farm |
| 23:17 | Build | Farm |
| 23:17 | Build | Farm |
| 23:18 | Build | Farm |
| 23:24 | Create | Archer |
| 23:24 | Create | Archer |
| 23:24 | Create | Archer |
| 23:24 | Create | Archer |
| 23:33 | Build | House |
| 23:52 | Create | Villager (Male) |
| 23:52 | Create | Villager (Male) |
| 24:06 | Create | Archer |
| 24:06 | Create | Archer |
| 24:07 | Create | Archer |
| 24:08 | Create | Archer |
| 24:08 | Create | Archer |
Build order — dvorakkrazy
First 150 of 1258 actions detected
| 0:01 | Create | Villager (Male) |
| 0:02 | Build | House |
| 0:03 | Build | House |
| 0:09 | Create | Villager (Male) |
| 0:10 | Create | Villager (Male) |
| 0:10 | Create | Villager (Male) |
| 1:35 | Create | Villager (Male) |
| 1:49 | Build | Lumber Camp |
| 1:51 | Create | Villager (Male) |
| 2:22 | Create | Villager (Male) |
| 2:56 | Create | Villager (Male) |
| 3:07 | Create | Villager (Male) |
| 3:40 | Create | Villager (Male) |
| 3:50 | Build | House |
| 4:13 | Create | Villager (Male) |
| 4:33 | Build | Palisade Wall |
| 4:34 | Create | Villager (Male) |
| 4:46 | Create | Villager (Male) |
| 5:06 | Build | Mill |
| 5:24 | Create | Villager (Male) |
| 5:51 | Create | Villager (Male) |
| 6:14 | Research | Loom |
| 6:43 | Research | Feudal Age |
| 8:20 | Build | Barracks |
| 8:29 | Create | Villager (Male) |
| 8:36 | Build | House |
| 8:41 | Build | Palisade Wall |
| 8:42 | Build | Palisade Wall |
| 8:43 | Build | Palisade Wall |
| 8:44 | Create | Villager (Male) |
| 8:53 | Age | Feudal Age |
| 9:15 | Build | Stable |
| 9:17 | Create | Villager (Male) |
| 9:27 | Create | Villager (Male) |
| 9:35 | Research | Double-Bit Axe |
| 9:47 | Create | Villager (Male) |
| 9:51 | Build | Palisade Wall |
| 9:59 | Build | House |
| 10:00 | Build | Palisade Wall |
| 10:02 | Create | Scout Cavalry |
| 10:03 | Create | Villager (Male) |
| 10:14 | Research | Horse Collar |
| 10:32 | Create | Scout Cavalry |
| 10:50 | Create | Scout Cavalry |
| 10:54 | Build | Farm |
| 10:56 | Build | Farm |
| 11:01 | Create | Villager (Male) |
| 11:15 | Build | House |
| 11:22 | Build | Farm |
| 11:25 | Build | Farm |
| 11:36 | Create | Villager (Male) |
| 11:47 | Create | Scout Cavalry |
| 11:54 | Build | Farm |
| 11:59 | Build | Farm |
| 12:11 | Create | Villager (Male) |
| 12:12 | Create | Scout Cavalry |
| 12:15 | Build | Farm |
| 12:29 | Create | Villager (Male) |
| 12:32 | Build | House |
| 12:48 | Create | Scout Cavalry |
| 13:00 | Create | Villager (Male) |
| 13:05 | Create | Spearman |
| 13:17 | Create | Scout Cavalry |
| 13:31 | Build | Farm |
| 13:32 | Create | Villager (Male) |
| 13:33 | Create | Villager (Male) |
| 13:46 | Create | Scout Cavalry |
| 14:00 | Create | Villager (Male) |
| 14:13 | Build | Palisade Wall |
| 14:31 | Build | House |
| 14:33 | Build | Farm |
| 14:35 | Build | Farm |
| 14:44 | Build | House |
| 14:48 | Create | Villager (Male) |
| 14:49 | Create | Scout Cavalry |
| 14:53 | Create | Villager (Male) |
| 14:56 | Build | House |
| 15:12 | Build | Mining Camp |
| 15:32 | Build | House |
| 15:38 | Build | House |
| 15:40 | Build | House |
| 15:44 | Create | Villager (Male) |
| 16:00 | Create | Villager (Male) |
| 16:12 | Build | Palisade Wall |
| 16:17 | Build | Palisade Wall |
| 16:21 | Build | Palisade Wall |
| 16:25 | Create | Villager (Male) |
| 16:42 | Build | Palisade Wall |
| 16:51 | Create | Villager (Male) |
| 16:58 | Build | Farm |
| 17:25 | Create | Villager (Male) |
| 17:32 | Build | Blacksmith |
| 17:42 | Create | Villager (Male) |
| 18:13 | Research | Castle Age |
| 18:19 | Build | Palisade Wall |
| 18:23 | Build | Palisade Wall |
| 18:53 | Research | Bloodlines |
| 19:00 | Research | Gold Mining |
| 19:18 | Build | Archery Range |
| 19:21 | Build | Archery Range |
| 19:52 | Build | Archery Range |
| 19:59 | Research | Fletching |
| 20:21 | Create | Villager (Male) |
| 20:55 | Age | Castle Age |
| 20:57 | Create | Cavalry Archer |
| 20:57 | Create | Cavalry Archer |
| 20:57 | Create | Cavalry Archer |
| 21:05 | Research | Bow Saw |
| 21:06 | Create | Villager (Male) |
| 21:12 | Build | Town Center |
| 21:14 | Create | Villager (Male) |
| 21:20 | Create | Cavalry Archer |
| 21:20 | Create | Cavalry Archer |
| 21:36 | Create | Cavalry Archer |
| 21:37 | Create | Villager (Male) |
| 21:44 | Research | Bodkin Arrow |
| 21:52 | Create | Cavalry Archer |
| 22:08 | Create | Cavalry Archer |
| 22:08 | Create | Cavalry Archer |
| 22:16 | Create | Villager (Male) |
| 22:22 | Build | House |
| 22:23 | Build | House |
| 22:28 | Create | Cavalry Archer |
| 22:36 | Create | Cavalry Archer |
| 22:37 | Create | Villager (Male) |
| 22:55 | Create | Villager (Male) |
| 22:58 | Build | Monastery |
| 23:09 | Create | Cavalry Archer |
| 23:09 | Create | Cavalry Archer |
| 23:23 | Build | House |
| 23:31 | Create | Cavalry Archer |
| 23:31 | Create | Cavalry Archer |
| 23:51 | Create | Cavalry Archer |
| 23:52 | Create | Villager (Male) |
| 23:52 | Create | Villager (Male) |
| 24:00 | Build | Lumber Camp |
| 24:02 | Create | Villager (Male) |
| 24:05 | Create | Monk |
| 24:10 | Create | Villager (Male) |
| 24:11 | Create | Villager (Male) |
| 24:11 | Create | Cavalry Archer |
| 24:11 | Create | Cavalry Archer |
| 24:13 | Create | Cavalry Archer |
| 24:18 | Create | Villager (Male) |
| 24:35 | Create | Cavalry Archer |
| 24:36 | Create | Cavalry Archer |
| 24:42 | Build | Farm |
| 24:43 | Create | Villager (Male) |
| 25:16 | Create | Villager (Male) |
| 25:16 | Create | Villager (Male) |
Build order — VN_BILL
First 150 of 1639 actions detected
| 0:02 | Create | Villager (Male) |
| 0:02 | Create | Villager (Male) |
| 0:04 | Build | House |
| 0:05 | Build | House |
| 0:07 | Create | Villager (Male) |
| 0:08 | Create | Villager (Male) |
| 1:25 | Create | Villager (Male) |
| 1:26 | Create | Villager (Male) |
| 1:49 | Build | Lumber Camp |
| 2:01 | Create | Villager (Male) |
| 2:20 | Create | Villager (Male) |
| 2:20 | Create | Villager (Male) |
| 2:49 | Create | Villager (Male) |
| 2:50 | Create | Villager (Male) |
| 3:02 | Build | House |
| 3:18 | Create | Villager (Male) |
| 3:18 | Create | Villager (Male) |
| 3:44 | Create | Villager (Male) |
| 3:44 | Create | Villager (Male) |
| 3:54 | Create | Villager (Male) |
| 3:54 | Create | Villager (Male) |
| 4:32 | Create | Villager (Male) |
| 4:46 | Build | Mill |
| 4:54 | Create | Villager (Male) |
| 4:54 | Create | Villager (Male) |
| 5:18 | Create | Villager (Male) |
| 5:18 | Create | Villager (Male) |
| 5:44 | Create | Villager (Male) |
| 5:44 | Create | Villager (Male) |
| 5:51 | Research | Loom |
| 7:13 | Research | Feudal Age |
| 8:23 | Build | Barracks |
| 8:30 | Create | Villager (Male) |
| 8:41 | Build | House |
| 9:19 | Build | House |
| 9:23 | Age | Feudal Age |
| 9:26 | Build | Palisade Gate |
| 9:32 | Build | Stable |
| 9:41 | Build | Stable |
| 9:45 | Build | Palisade Gate |
| 9:52 | Create | Villager (Male) |
| 9:58 | Build | House |
| 10:06 | Research | Double-Bit Axe |
| 10:07 | Create | Villager (Male) |
| 10:07 | Create | Villager (Male) |
| 10:31 | Build | House |
| 10:33 | Create | Villager (Male) |
| 10:38 | Create | Scout Cavalry |
| 10:38 | Create | Scout Cavalry |
| 10:58 | Build | Blacksmith |
| 11:02 | Build | House |
| 11:22 | Create | Scout Cavalry |
| 11:22 | Create | Scout Cavalry |
| 11:22 | Create | Scout Cavalry |
| 11:24 | Create | Villager (Male) |
| 11:41 | Build | House |
| 11:44 | Build | Palisade Wall |
| 11:46 | Build | Palisade Wall |
| 11:50 | Build | Building 796 |
| 12:09 | Create | Villager (Male) |
| 12:13 | Build | Farm |
| 12:14 | Build | Farm |
| 12:15 | Build | Farm |
| 12:20 | Create | Spearman |
| 12:28 | Create | Villager (Male) |
| 12:33 | Build | Farm |
| 12:49 | Research | Forging |
| 12:51 | Create | Villager (Male) |
| 12:54 | Build | Farm |
| 13:08 | Build | Farm |
| 13:20 | Create | Villager (Male) |
| 13:26 | Create | Villager (Male) |
| 13:31 | Build | Farm |
| 13:32 | Build | Farm |
| 13:40 | Build | Farm |
| 13:41 | Create | Villager (Male) |
| 13:48 | Build | Farm |
| 14:05 | Research | Scale Barding Armor |
| 14:17 | Create | Scout Cavalry |
| 14:17 | Create | Scout Cavalry |
| 14:18 | Create | Scout Cavalry |
| 14:51 | Build | Farm |
| 14:57 | Build | House |
| 14:58 | Build | House |
| 15:08 | Create | Villager (Male) |
| 15:15 | Build | Farm |
| 15:16 | Build | Farm |
| 15:17 | Build | Farm |
| 15:19 | Build | Farm |
| 15:28 | Create | Villager (Male) |
| 15:30 | Create | Villager (Male) |
| 15:45 | Build | Farm |
| 15:48 | Build | Mining Camp |
| 15:51 | Create | Spearman |
| 15:51 | Create | Spearman |
| 16:07 | Create | Scout Cavalry |
| 16:08 | Create | Scout Cavalry |
| 16:08 | Create | Scout Cavalry |
| 16:08 | Create | Scout Cavalry |
| 16:40 | Build | Stable |
| 17:02 | Build | House |
| 17:17 | Create | Villager (Male) |
| 17:22 | Build | Lumber Camp |
| 17:25 | Build | Lumber Camp |
| 17:39 | Create | Scout Cavalry |
| 17:40 | Create | Scout Cavalry |
| 17:40 | Create | Scout Cavalry |
| 17:40 | Create | Scout Cavalry |
| 17:44 | Create | Villager (Male) |
| 17:44 | Create | Villager (Male) |
| 17:50 | Build | Palisade Gate |
| 17:53 | Build | House |
| 18:00 | Build | Farm |
| 18:06 | Build | Farm |
| 18:07 | Create | Villager (Male) |
| 18:15 | Create | Scout Cavalry |
| 18:15 | Create | Scout Cavalry |
| 18:15 | Create | Scout Cavalry |
| 18:24 | Build | Farm |
| 18:24 | Create | Villager (Male) |
| 18:32 | Create | Villager (Male) |
| 19:09 | Create | Scout Cavalry |
| 19:09 | Create | Scout Cavalry |
| 19:09 | Create | Scout Cavalry |
| 19:10 | Create | Villager (Male) |
| 19:10 | Create | Villager (Male) |
| 19:12 | Build | Farm |
| 19:14 | Build | Farm |
| 19:26 | Build | Palisade Gate |
| 19:27 | Build | House |
| 19:29 | Create | Villager (Male) |
| 19:34 | Build | Farm |
| 19:34 | Create | Villager (Male) |
| 19:46 | Build | Farm |
| 19:46 | Create | Villager (Male) |
| 19:54 | Create | Villager (Male) |
| 20:04 | Build | Farm |
| 20:06 | Build | Farm |
| 20:07 | Create | Villager (Male) |
| 20:34 | Create | Villager (Male) |
| 20:44 | Build | House |
| 20:45 | Build | House |
| 20:51 | Build | Farm |
| 21:34 | Research | Castle Age |
| 22:50 | Research | Gold Mining |
| 23:49 | Research | Wheelbarrow |
| 23:51 | Create | Villager (Male) |
| 23:51 | Create | Villager (Male) |
| 24:14 | Age | Castle Age |
| 24:18 | Research | Light Cavalry (upgrade) |
Build order — Wonderphil
First 150 of 874 actions detected
| 0:01 | Create | Villager (Male) |
| 0:01 | Create | Villager (Male) |
| 0:01 | Create | Villager (Male) |
| 0:02 | Build | House |
| 0:04 | Build | House |
| 0:23 | Create | Villager (Male) |
| 0:23 | Create | Villager (Male) |
| 1:11 | Create | Villager (Male) |
| 1:11 | Create | Villager (Male) |
| 1:44 | Build | Lumber Camp |
| 1:48 | Create | Villager (Male) |
| 1:48 | Create | Villager (Male) |
| 2:13 | Create | Villager (Male) |
| 2:13 | Create | Villager (Male) |
| 2:50 | Create | Villager (Male) |
| 2:50 | Create | Villager (Male) |
| 3:17 | Create | Villager (Male) |
| 3:18 | Create | Villager (Male) |
| 3:30 | Build | House |
| 3:44 | Create | Villager (Male) |
| 3:44 | Create | Villager (Male) |
| 4:10 | Create | Villager (Male) |
| 4:25 | Create | Villager (Male) |
| 4:25 | Create | Villager (Male) |
| 4:37 | Build | House |
| 4:45 | Create | Villager (Male) |
| 4:55 | Create | Villager (Male) |
| 4:55 | Create | Villager (Male) |
| 5:00 | Create | Villager (Male) |
| 5:00 | Create | Villager (Male) |
| 5:14 | Create | Villager (Male) |
| 5:14 | Create | Villager (Male) |
| 5:30 | Create | Villager (Male) |
| 5:51 | Build | House |
| 7:05 | Create | Villager (Male) |
| 7:19 | Build | Mining Camp |
| 7:37 | Create | Villager (Male) |
| 7:40 | Create | Villager (Male) |
| 8:04 | Build | Mill |
| 8:12 | Research | Loom |
| 8:12 | Research | Feudal Age |
| 8:12 | Research | Feudal Age |
| 9:37 | Build | Farm |
| 9:41 | Build | Farm |
| 10:07 | Create | Villager (Male) |
| 10:08 | Create | Villager (Male) |
| 10:23 | Build | Mining Camp |
| 11:02 | Age | Feudal Age |
| 11:12 | Build | House |
| 11:13 | Build | House |
| 11:14 | Build | Palisade Wall |
| 11:17 | Build | Palisade Wall |
| 11:30 | Build | House |
| 11:32 | Research | Wheelbarrow |
| 11:33 | Research | Wheelbarrow |
| 11:44 | Build | Blacksmith |
| 11:52 | Build | Market |
| 12:07 | Create | Villager (Male) |
| 12:56 | Research | Castle Age |
| 12:57 | Research | Castle Age |
| 13:19 | Create | Villager (Male) |
| 13:36 | Build | Farm |
| 14:29 | Build | Farm |
| 14:32 | Build | Farm |
| 14:32 | Build | Farm |
| 14:43 | Build | Farm |
| 15:24 | Create | Villager (Male) |
| 15:36 | Age | Castle Age |
| 15:53 | Create | Villager (Male) |
| 16:28 | Create | Villager (Male) |
| 16:36 | Build | House |
| 16:36 | Build | House |
| 16:41 | Create | Villager (Male) |
| 16:50 | Research | Horse Collar |
| 16:51 | Research | Horse Collar |
| 17:04 | Create | Villager (Male) |
| 17:21 | Build | Castle |
| 17:24 | Create | Villager (Male) |
| 17:29 | Build | Farm |
| 17:30 | Build | Farm |
| 17:30 | Build | Farm |
| 17:30 | Build | Farm |
| 17:58 | Create | Villager (Male) |
| 18:20 | Build | House |
| 18:24 | Create | Conquistador |
| 18:25 | Create | Conquistador |
| 18:35 | Build | Farm |
| 18:45 | Build | Farm |
| 18:49 | Build | House |
| 18:55 | Build | Palisade Wall |
| 19:00 | Create | Villager (Male) |
| 19:01 | Create | Villager (Male) |
| 19:03 | Create | Conquistador |
| 19:04 | Create | Conquistador |
| 19:14 | Create | Conquistador |
| 19:31 | Research | Gold Mining |
| 19:31 | Research | Stone Mining |
| 19:31 | Research | Stone Mining |
| 19:32 | Create | Villager (Male) |
| 19:47 | Research | Double-Bit Axe |
| 19:47 | Research | Double-Bit Axe |
| 19:56 | Create | Villager (Male) |
| 20:08 | Create | Conquistador |
| 20:20 | Create | Conquistador |
| 21:08 | Create | Villager (Male) |
| 21:09 | Create | Villager (Male) |
| 21:18 | Create | Conquistador |
| 21:31 | Build | House |
| 21:35 | Build | House |
| 21:52 | Create | Villager (Male) |
| 21:53 | Create | Conquistador |
| 21:53 | Create | Conquistador |
| 22:11 | Build | Farm |
| 22:32 | Create | Conquistador |
| 22:32 | Create | Villager (Male) |
| 22:40 | Build | Town Center |
| 22:59 | Build | Town Center |
| 23:02 | Create | Villager (Male) |
| 23:11 | Create | Conquistador |
| 23:11 | Create | Conquistador |
| 24:01 | Create | Villager (Male) |
| 24:01 | Create | Villager (Male) |
| 24:02 | Create | Conquistador |
| 24:02 | Create | Conquistador |
| 24:07 | Build | Farm |
| 24:07 | Build | Farm |
| 24:08 | Build | Farm |
| 24:08 | Build | Farm |
| 24:08 | Build | Farm |
| 24:08 | Build | Farm |
| 24:40 | Build | Mining Camp |
| 24:45 | Build | Barracks |
| 24:51 | Create | Villager (Male) |
| 24:51 | Create | Villager (Male) |
| 25:04 | Build | Farm |
| 25:06 | Create | Villager (Male) |
| 25:07 | Create | Villager (Male) |
| 25:34 | Create | Villager (Male) |
| 25:34 | Create | Villager (Male) |
| 25:39 | Create | Conquistador |
| 25:39 | Create | Conquistador |
| 25:49 | Create | Villager (Male) |
| 26:20 | Create | Villager (Male) |
| 26:20 | Create | Villager (Male) |
| 26:27 | Build | Stable |
| 26:42 | Create | Villager (Male) |
| 26:42 | Create | Villager (Male) |
| 26:44 | Create | Conquistador |
| 26:44 | Create | Conquistador |
| 26:48 | Build | Farm |
Match timeline
| 4:27 | Outback_Wizard · first_building Dock |
| 4:33 | dvorakkrazy · wall_segment Palisade Wall x3 |
| 4:44 | Outback_Wizard · wall_segment Palisade Wall x1 |
| 4:46 | Outback_Wizard · wall_segment Palisade Wall x1 |
| 4:49 | Play_the_Puck · first_building Dock |
| 5:05 | Play_the_Puck · wall_segment Palisade Wall x1 |
| 5:16 | Outback_Wizard · wall_segment Palisade Wall x1 |
| 8:01 | AdrianJPG · wall_segment Palisade Wall x3 |
| 8:03 | Play_the_Puck · wall_segment Palisade Wall x1 |
| 8:06 | Play_the_Puck · wall_segment Palisade Wall x10 |
| 8:20 | dvorakkrazy · first_building Barracks |
| 8:23 | VN_BILL · first_building Barracks |
| 8:24 | Outback_Wizard · first_building Barracks |
| 8:38 | Outback_Wizard · wall_segment Palisade Wall x9 |
| 8:38 | AdrianJPG · wall_segment Palisade Wall x7 |
| 8:41 | dvorakkrazy · wall_segment Palisade Wall x1 |
| 8:42 | dvorakkrazy · wall_segment Palisade Wall x1 |
| 8:43 | dvorakkrazy · wall_segment Palisade Wall x1 |
| 8:53 | dvorakkrazy · age_up feudal |
| 9:10 | Outback_Wizard · wall_segment Palisade Wall x15 |
| 9:15 | dvorakkrazy · first_building Stable |
| 9:17 | Play_the_Puck · wall_segment Palisade Wall x1 |
| 9:23 | VN_BILL · age_up feudal |
| 9:32 | VN_BILL · first_building Stable |
| 9:41 | AdrianJPG · wall_segment Palisade Wall x4 |
| 9:48 | Outback_Wizard · age_up feudal |
| 9:51 | dvorakkrazy · wall_segment Palisade Wall x1 |
| 9:57 | Outback_Wizard · first_building Stable |
| 10:00 | dvorakkrazy · wall_segment Palisade Wall x1 |
| 10:03 | Outback_Wizard · wall_segment Palisade Wall x13 |
| 10:11 | AdrianJPG · first_building Dock |
| 10:13 | Outback_Wizard · wall_segment Palisade Wall x1 |
| 10:26 | Play_the_Puck · age_up feudal |
| 11:02 | Wonderphil · age_up feudal |
| 11:02 | Outback_Wizard · wall_segment Palisade Wall x10 |
| 11:07 | AdrianJPG · wall_segment Palisade Wall x6 |
| 11:14 | Wonderphil · wall_segment Palisade Wall x1 |
| 11:17 | Wonderphil · wall_segment Palisade Wall x7 |
| 11:44 | VN_BILL · wall_segment Palisade Wall x5 |
| 11:46 | AdrianJPG · wall_segment Palisade Wall x1 |
| 11:46 | VN_BILL · wall_segment Palisade Wall x1 |
| 11:48 | AdrianJPG · wall_segment Palisade Wall x1 |
| 12:07 | AdrianJPG · age_up feudal |
| 12:08 | Outback_Wizard · wall_segment Palisade Wall x7 |
| 12:46 | Wonderphil · first_market_buy 100 food |
| 12:52 | Play_the_Puck · wall_segment Palisade Wall x3 |
| 12:58 | Play_the_Puck · wall_segment Palisade Wall x3 |
| 13:05 | Outback_Wizard · wall_segment Palisade Wall x10 |
| 13:17 | Outback_Wizard · wall_segment Palisade Wall x1 |
| 13:56 | Play_the_Puck · wall_segment Palisade Wall x1 |
| 14:13 | dvorakkrazy · wall_segment Palisade Wall x1 |
| 15:36 | Wonderphil · age_up castle |
| 16:12 | dvorakkrazy · wall_segment Palisade Wall x1 |
| 16:17 | dvorakkrazy · wall_segment Palisade Wall x1 |
| 16:21 | dvorakkrazy · wall_segment Palisade Wall x1 |
| 16:42 | dvorakkrazy · wall_segment Palisade Wall x4 |
| 17:21 | Wonderphil · first_building Castle |
| 17:23 | Outback_Wizard · first_market_sell 100 food |
| 18:19 | dvorakkrazy · wall_segment Palisade Wall x3 |
| 18:23 | dvorakkrazy · wall_segment Palisade Wall x9 |
| 18:38 | AdrianJPG · first_market_sell 100 wood |
| 18:40 | AdrianJPG · first_market_buy 100 food |
| 18:55 | Wonderphil · wall_segment Palisade Wall x1 |
| 19:18 | dvorakkrazy · first_building Archery Range |
| 20:02 | Play_the_Puck · first_building Barracks |
| 20:10 | Outback_Wizard · age_up castle |
| 20:55 | dvorakkrazy · age_up castle |
| 20:55 | Play_the_Puck · age_up castle |
| 21:00 | Play_the_Puck · first_building Archery Range |
| 21:16 | AdrianJPG · wall_segment Stone Wall x4 |
| 21:43 | AdrianJPG · age_up castle |
| 22:17 | AdrianJPG · wall_segment Stone Wall x1 |
| 22:41 | AdrianJPG · wall_segment Stone Wall x1 |
| 22:56 | Play_the_Puck · first_market_buy 100 food |
| 22:56 | Outback_Wizard · first_market_buy 100 food |
| 22:58 | dvorakkrazy · first_building Monastery |
| 23:11 | AdrianJPG · wall_segment Stone Wall x9 |
| 24:14 | VN_BILL · age_up castle |
| 24:17 | Outback_Wizard · first_building Monastery |
| 24:45 | Wonderphil · first_building Barracks |
| 25:10 | AdrianJPG · wall_segment Stone Wall x6 |
| 26:22 | AdrianJPG · first_building Barracks |
| 26:27 | Wonderphil · first_building Stable |
| 27:13 | AdrianJPG · first_building Archery Range |
| 27:56 | Outback_Wizard · wall_segment Palisade Wall x1 |
| 27:58 | Outback_Wizard · wall_segment Palisade Wall x1 |
| 28:12 | AdrianJPG · first_building Castle |
| 28:28 | Play_the_Puck · first_building Monastery |
| 28:52 | AdrianJPG · wall_segment Palisade Wall x3 |
| 31:01 | AdrianJPG · wall_segment Stone Wall x6 |
| 31:09 | Play_the_Puck · age_up imperial |
| 32:20 | Play_the_Puck · first_market_sell 100 wood |
| 32:49 | AdrianJPG · wall_segment Stone Wall x6 |
| 32:54 | Play_the_Puck · first_building Castle |
| 33:19 | VN_BILL · first_building Siege Workshop |
| 33:44 | Wonderphil · first_market_sell 500 wood |
| 33:53 | AdrianJPG · wall_segment Stone Wall x5 |
| 34:21 | AdrianJPG · age_up imperial |
| 34:50 | dvorakkrazy · first_market_sell 100 food |
| 36:13 | VN_BILL · first_building Monastery |
| 37:29 | Wonderphil · first_building Siege Workshop |
| 37:43 | dvorakkrazy · first_building Castle |
| 38:08 | dvorakkrazy · age_up imperial |
| 38:32 | Wonderphil · age_up imperial |
| 40:41 | AdrianJPG · wall_segment Stone Wall x1 |
| 40:53 | VN_BILL · age_up imperial |
| 40:59 | Outback_Wizard · wall_segment Stone Wall x13 |
| 41:13 | dvorakkrazy · first_building Siege Workshop |
| 44:20 | dvorakkrazy · tribute_sent a jugador 1 |
| 44:20 | dvorakkrazy · tribute_sent a jugador 2 |
| 44:20 | dvorakkrazy · tribute_sent a jugador 3 |
| 44:20 | dvorakkrazy · tribute_sent a jugador 5 |
| 44:20 | dvorakkrazy · tribute_sent a jugador 6 |
| 45:01 | Wonderphil · tribute_sent a jugador 1 |
| 45:01 | Wonderphil · tribute_sent a jugador 2 |
| 45:01 | Wonderphil · tribute_sent a jugador 3 |
| 45:01 | Wonderphil · tribute_sent a jugador 4 |
| 45:01 | Wonderphil · tribute_sent a jugador 5 |
| 45:12 | VN_BILL · first_building Castle |
| 46:10 | Outback_Wizard · first_building Archery Range |
| 47:22 | dvorakkrazy · tribute_sent a jugador 1 |
| 47:22 | dvorakkrazy · tribute_sent a jugador 2 |
| 47:22 | dvorakkrazy · tribute_sent a jugador 3 |
| 47:22 | dvorakkrazy · tribute_sent a jugador 5 |
| 47:22 | dvorakkrazy · tribute_sent a jugador 6 |
| 48:16 | Play_the_Puck · first_building Siege Workshop |
| 48:58 | Wonderphil · tribute_sent a jugador 1 |
| 48:58 | Wonderphil · tribute_sent a jugador 2 |
| 48:58 | Wonderphil · tribute_sent a jugador 3 |
| 48:58 | Wonderphil · tribute_sent a jugador 4 |
| 48:58 | Wonderphil · tribute_sent a jugador 5 |
| 49:50 | Wonderphil · tribute_sent a jugador 1 |
| 49:50 | Wonderphil · tribute_sent a jugador 2 |
| 49:50 | Wonderphil · tribute_sent a jugador 3 |
| 49:50 | Wonderphil · tribute_sent a jugador 4 |
| 49:50 | Wonderphil · tribute_sent a jugador 5 |
| 49:52 | dvorakkrazy · tribute_sent a jugador 1 |
| 49:52 | dvorakkrazy · tribute_sent a jugador 2 |
| 49:52 | dvorakkrazy · tribute_sent a jugador 3 |
| 49:52 | dvorakkrazy · tribute_sent a jugador 5 |
| 49:52 | dvorakkrazy · tribute_sent a jugador 6 |
| 51:10 | VN_BILL · first_market_sell 500 food |
| 51:17 | dvorakkrazy · wall_segment Stone Wall x1 |
| 51:33 | VN_BILL · tribute_sent a jugador 1 |
| 51:33 | VN_BILL · tribute_sent a jugador 2 |
| 51:33 | VN_BILL · tribute_sent a jugador 3 |
| 51:33 | VN_BILL · tribute_sent a jugador 4 |
| 51:33 | VN_BILL · tribute_sent a jugador 6 |
| 52:08 | Outback_Wizard · wall_segment Palisade Wall x6 |
| 52:21 | dvorakkrazy · wall_segment Stone Wall x1 |
| 52:40 | dvorakkrazy · first_building Dock |
| 52:48 | dvorakkrazy · tribute_sent a jugador 1 |
| 52:48 | dvorakkrazy · tribute_sent a jugador 2 |
| 52:48 | dvorakkrazy · tribute_sent a jugador 3 |
| 52:48 | dvorakkrazy · tribute_sent a jugador 5 |
| 52:48 | dvorakkrazy · tribute_sent a jugador 6 |
| 52:57 | VN_BILL · tribute_sent a jugador 1 |
| 52:57 | VN_BILL · tribute_sent a jugador 2 |
| 52:57 | VN_BILL · tribute_sent a jugador 3 |
| 52:57 | VN_BILL · tribute_sent a jugador 4 |
| 52:57 | VN_BILL · tribute_sent a jugador 6 |
| 52:58 | Wonderphil · tribute_sent a jugador 1 |
| 52:58 | Wonderphil · tribute_sent a jugador 2 |
| 52:58 | Wonderphil · tribute_sent a jugador 3 |
| 52:58 | Wonderphil · tribute_sent a jugador 4 |
| 52:58 | Wonderphil · tribute_sent a jugador 5 |
| 53:50 | VN_BILL · tribute_sent a jugador 1 |
| 53:50 | VN_BILL · tribute_sent a jugador 2 |
| 53:50 | VN_BILL · tribute_sent a jugador 3 |
| 53:50 | VN_BILL · tribute_sent a jugador 4 |
| 53:50 | VN_BILL · tribute_sent a jugador 6 |
| 54:55 | VN_BILL · tribute_sent a jugador 1 |
| 54:55 | VN_BILL · tribute_sent a jugador 2 |
| 54:55 | VN_BILL · tribute_sent a jugador 3 |
| 54:55 | VN_BILL · tribute_sent a jugador 4 |
| 54:55 | VN_BILL · tribute_sent a jugador 6 |
| 55:30 | VN_BILL · tribute_sent a jugador 1 |
| 55:30 | VN_BILL · tribute_sent a jugador 2 |
| 55:30 | VN_BILL · tribute_sent a jugador 3 |
| 55:30 | VN_BILL · tribute_sent a jugador 4 |
| 55:30 | VN_BILL · tribute_sent a jugador 6 |
| 55:50 | dvorakkrazy · tribute_sent a jugador 1 |
| 55:50 | dvorakkrazy · tribute_sent a jugador 2 |
| 55:50 | dvorakkrazy · tribute_sent a jugador 3 |
| 55:50 | dvorakkrazy · tribute_sent a jugador 5 |
| 55:50 | dvorakkrazy · tribute_sent a jugador 6 |
| 56:12 | VN_BILL · tribute_sent a jugador 1 |
| 56:12 | VN_BILL · tribute_sent a jugador 2 |
| 56:12 | VN_BILL · tribute_sent a jugador 3 |
| 56:12 | VN_BILL · tribute_sent a jugador 4 |
| 56:12 | VN_BILL · tribute_sent a jugador 6 |
| 57:30 | VN_BILL · tribute_sent a jugador 1 |
| 57:30 | VN_BILL · tribute_sent a jugador 2 |
| 57:30 | VN_BILL · tribute_sent a jugador 3 |
| 57:30 | VN_BILL · tribute_sent a jugador 4 |
| 57:30 | VN_BILL · tribute_sent a jugador 6 |
| 59:06 | Outback_Wizard · first_building Castle |
| 59:39 | Outback_Wizard · age_up imperial |
| 59:41 | VN_BILL · tribute_sent a jugador 1 |
| 59:41 | VN_BILL · tribute_sent a jugador 2 |
| 59:41 | VN_BILL · tribute_sent a jugador 3 |
| 59:41 | VN_BILL · tribute_sent a jugador 4 |
| 59:41 | VN_BILL · tribute_sent a jugador 6 |
| 61:04 | Wonderphil · tribute_sent a jugador 1 |
| 61:04 | Wonderphil · tribute_sent a jugador 2 |
| 61:04 | Wonderphil · tribute_sent a jugador 3 |
| 61:04 | Wonderphil · tribute_sent a jugador 4 |
| 61:04 | Wonderphil · tribute_sent a jugador 5 |
| 61:06 | dvorakkrazy · tribute_sent a jugador 1 |
| 61:06 | dvorakkrazy · tribute_sent a jugador 2 |
| 61:06 | dvorakkrazy · tribute_sent a jugador 3 |
| 61:06 | dvorakkrazy · tribute_sent a jugador 5 |
| 61:06 | dvorakkrazy · tribute_sent a jugador 6 |
| 61:43 | VN_BILL · tribute_sent a jugador 1 |
| 61:43 | VN_BILL · tribute_sent a jugador 2 |
| 61:43 | VN_BILL · tribute_sent a jugador 3 |
| 61:43 | VN_BILL · tribute_sent a jugador 4 |
| 61:43 | VN_BILL · tribute_sent a jugador 6 |
| 62:43 | VN_BILL · tribute_sent a jugador 1 |
| 62:43 | VN_BILL · tribute_sent a jugador 2 |
| 62:43 | VN_BILL · tribute_sent a jugador 3 |
| 62:43 | VN_BILL · tribute_sent a jugador 4 |
| 62:43 | VN_BILL · tribute_sent a jugador 6 |
| 64:13 | VN_BILL · tribute_sent a jugador 1 |
| 64:13 | VN_BILL · tribute_sent a jugador 2 |
| 64:13 | VN_BILL · tribute_sent a jugador 3 |
| 64:13 | VN_BILL · tribute_sent a jugador 4 |
| 64:13 | VN_BILL · tribute_sent a jugador 6 |
| 67:23 | VN_BILL · tribute_sent a jugador 1 |
| 67:23 | VN_BILL · tribute_sent a jugador 2 |
| 67:23 | VN_BILL · tribute_sent a jugador 3 |
| 67:23 | VN_BILL · tribute_sent a jugador 4 |
| 67:23 | VN_BILL · tribute_sent a jugador 6 |
| 70:23 | VN_BILL · tribute_sent a jugador 1 |
| 70:23 | VN_BILL · tribute_sent a jugador 2 |
| 70:23 | VN_BILL · tribute_sent a jugador 3 |
| 70:23 | VN_BILL · tribute_sent a jugador 4 |
| 70:23 | VN_BILL · tribute_sent a jugador 6 |
| 71:22 | dvorakkrazy · tribute_sent a jugador 1 |
| 71:22 | dvorakkrazy · tribute_sent a jugador 2 |
| 71:22 | dvorakkrazy · tribute_sent a jugador 3 |
| 71:22 | dvorakkrazy · tribute_sent a jugador 5 |
| 71:22 | dvorakkrazy · tribute_sent a jugador 6 |
| 73:28 | VN_BILL · first_market_buy 100 stone |
| 74:25 | VN_BILL · tribute_sent a jugador 1 |
| 74:25 | VN_BILL · tribute_sent a jugador 2 |
| 74:25 | VN_BILL · tribute_sent a jugador 3 |
| 74:25 | VN_BILL · tribute_sent a jugador 4 |
| 74:25 | VN_BILL · tribute_sent a jugador 6 |
| 75:28 | VN_BILL · tribute_sent a jugador 1 |
| 75:28 | VN_BILL · tribute_sent a jugador 2 |
| 75:28 | VN_BILL · tribute_sent a jugador 3 |
| 75:28 | VN_BILL · tribute_sent a jugador 4 |
| 75:28 | VN_BILL · tribute_sent a jugador 6 |
| 76:29 | VN_BILL · tribute_sent a jugador 1 |
| 76:29 | VN_BILL · tribute_sent a jugador 2 |
| 76:29 | VN_BILL · tribute_sent a jugador 3 |
| 76:29 | VN_BILL · tribute_sent a jugador 4 |
| 76:29 | VN_BILL · tribute_sent a jugador 6 |
| 76:45 | VN_BILL · wall_segment Stone Wall x10 |
| 76:55 | VN_BILL · wall_segment Stone Wall x15 |
| 76:59 | dvorakkrazy · tribute_sent a jugador 1 |
| 76:59 | dvorakkrazy · tribute_sent a jugador 2 |
| 76:59 | dvorakkrazy · tribute_sent a jugador 3 |
| 76:59 | dvorakkrazy · tribute_sent a jugador 5 |
| 76:59 | dvorakkrazy · tribute_sent a jugador 6 |
| 78:20 | VN_BILL · tribute_sent a jugador 1 |
| 78:20 | VN_BILL · tribute_sent a jugador 2 |
| 78:20 | VN_BILL · tribute_sent a jugador 3 |
| 78:20 | VN_BILL · tribute_sent a jugador 4 |
| 78:20 | VN_BILL · tribute_sent a jugador 6 |
| 79:08 | Wonderphil · tribute_sent a jugador 1 |
| 79:08 | Wonderphil · tribute_sent a jugador 2 |
| 79:08 | Wonderphil · tribute_sent a jugador 3 |
| 79:08 | Wonderphil · tribute_sent a jugador 4 |
| 79:08 | Wonderphil · tribute_sent a jugador 5 |
| 79:11 | dvorakkrazy · tribute_sent a jugador 1 |
| 79:11 | dvorakkrazy · tribute_sent a jugador 2 |
| 79:11 | dvorakkrazy · tribute_sent a jugador 3 |
| 79:11 | dvorakkrazy · tribute_sent a jugador 5 |
| 79:11 | dvorakkrazy · tribute_sent a jugador 6 |
| 79:31 | Outback_Wizard · first_building Siege Workshop |
| 79:50 | VN_BILL · wall_segment Stone Wall x10 |
| 79:52 | VN_BILL · wall_segment Stone Wall x3 |
| 81:41 | dvorakkrazy · tribute_sent a jugador 1 |
| 81:41 | dvorakkrazy · tribute_sent a jugador 2 |
| 81:41 | dvorakkrazy · tribute_sent a jugador 3 |
| 81:41 | dvorakkrazy · tribute_sent a jugador 5 |
| 81:41 | dvorakkrazy · tribute_sent a jugador 6 |
| 82:15 | dvorakkrazy · tribute_sent a jugador 1 |
| 82:15 | dvorakkrazy · tribute_sent a jugador 2 |
| 82:15 | dvorakkrazy · tribute_sent a jugador 3 |
| 82:15 | dvorakkrazy · tribute_sent a jugador 5 |
| 82:15 | dvorakkrazy · tribute_sent a jugador 6 |
| 83:02 | VN_BILL · tribute_sent a jugador 1 |
| 83:02 | VN_BILL · tribute_sent a jugador 2 |
| 83:02 | VN_BILL · tribute_sent a jugador 3 |
| 83:02 | VN_BILL · tribute_sent a jugador 4 |
| 83:02 | VN_BILL · tribute_sent a jugador 6 |
| 84:18 | AdrianJPG · wall_segment Palisade Wall x1 |
| 84:21 | AdrianJPG · wall_segment Palisade Wall x1 |
| 84:23 | AdrianJPG · wall_segment Palisade Wall x1 |
| 84:25 | AdrianJPG · wall_segment Palisade Wall x1 |
| 84:29 | AdrianJPG · wall_segment Palisade Wall x1 |
| 85:15 | VN_BILL · wall_segment Stone Wall x8 |
| 85:31 | VN_BILL · wall_segment Stone Wall x29 |
| 85:46 | VN_BILL · wall_segment Stone Wall x7 |
| 86:51 | dvorakkrazy · tribute_sent a jugador 1 |
| 86:51 | dvorakkrazy · tribute_sent a jugador 2 |
| 86:51 | dvorakkrazy · tribute_sent a jugador 3 |
| 86:51 | dvorakkrazy · tribute_sent a jugador 5 |
| 86:51 | dvorakkrazy · tribute_sent a jugador 6 |
| 88:00 | VN_BILL · tribute_sent a jugador 1 |
| 88:00 | VN_BILL · tribute_sent a jugador 2 |
| 88:00 | VN_BILL · tribute_sent a jugador 3 |
| 88:00 | VN_BILL · tribute_sent a jugador 4 |
| 88:00 | VN_BILL · tribute_sent a jugador 6 |
| 90:02 | dvorakkrazy · wall_segment Stone Wall x4 |
| 90:23 | VN_BILL · wall_segment Stone Wall x12 |
| 91:43 | dvorakkrazy · tribute_sent a jugador 1 |
| 91:43 | dvorakkrazy · tribute_sent a jugador 2 |
| 91:43 | dvorakkrazy · tribute_sent a jugador 3 |
| 91:43 | dvorakkrazy · tribute_sent a jugador 5 |
| 91:43 | dvorakkrazy · tribute_sent a jugador 6 |
| 91:56 | AdrianJPG · wall_segment Stone Wall x1 |
| 92:00 | VN_BILL · tribute_sent a jugador 1 |
| 92:00 | VN_BILL · tribute_sent a jugador 2 |
| 92:00 | VN_BILL · tribute_sent a jugador 3 |
| 92:00 | VN_BILL · tribute_sent a jugador 4 |
| 92:00 | VN_BILL · tribute_sent a jugador 6 |
| 93:19 | dvorakkrazy · tribute_sent a jugador 1 |
| 93:19 | dvorakkrazy · tribute_sent a jugador 2 |
| 93:19 | dvorakkrazy · tribute_sent a jugador 3 |
| 93:19 | dvorakkrazy · tribute_sent a jugador 5 |
| 93:19 | dvorakkrazy · tribute_sent a jugador 6 |
| 93:25 | Play_the_Puck · tribute_sent a jugador 1 |
| 93:25 | Play_the_Puck · tribute_sent a jugador 3 |
| 93:25 | Play_the_Puck · tribute_sent a jugador 4 |
| 93:25 | Play_the_Puck · tribute_sent a jugador 5 |
| 93:25 | Play_the_Puck · tribute_sent a jugador 6 |
| 95:01 | VN_BILL · tribute_sent a jugador 1 |
| 95:01 | VN_BILL · tribute_sent a jugador 2 |
| 95:01 | VN_BILL · tribute_sent a jugador 3 |
| 95:01 | VN_BILL · tribute_sent a jugador 4 |
| 95:01 | VN_BILL · tribute_sent a jugador 6 |
| 95:38 | dvorakkrazy · tribute_sent a jugador 1 |
| 95:38 | dvorakkrazy · tribute_sent a jugador 2 |
| 95:38 | dvorakkrazy · tribute_sent a jugador 3 |
| 95:38 | dvorakkrazy · tribute_sent a jugador 5 |
| 95:38 | dvorakkrazy · tribute_sent a jugador 6 |
| 96:53 | VN_BILL · tribute_sent a jugador 1 |
| 96:53 | VN_BILL · tribute_sent a jugador 2 |
| 96:53 | VN_BILL · tribute_sent a jugador 3 |
| 96:53 | VN_BILL · tribute_sent a jugador 4 |
| 96:53 | VN_BILL · tribute_sent a jugador 6 |
| 97:01 | dvorakkrazy · wall_segment Stone Wall x5 |
| 97:21 | Play_the_Puck · tribute_sent a jugador 1 |
| 97:21 | Play_the_Puck · tribute_sent a jugador 3 |
| 97:21 | Play_the_Puck · tribute_sent a jugador 4 |
| 97:21 | Play_the_Puck · tribute_sent a jugador 5 |
| 97:21 | Play_the_Puck · tribute_sent a jugador 6 |
| 97:22 | dvorakkrazy · tribute_sent a jugador 1 |
| 97:22 | dvorakkrazy · tribute_sent a jugador 2 |
| 97:22 | dvorakkrazy · tribute_sent a jugador 3 |
| 97:22 | dvorakkrazy · tribute_sent a jugador 5 |
| 97:22 | dvorakkrazy · tribute_sent a jugador 6 |
| 99:18 | dvorakkrazy · wall_segment Stone Wall x5 |
| 101:06 | Wonderphil · tribute_sent a jugador 1 |
| 101:06 | Wonderphil · tribute_sent a jugador 2 |
| 101:06 | Wonderphil · tribute_sent a jugador 3 |
| 101:06 | Wonderphil · tribute_sent a jugador 4 |
| 101:06 | Wonderphil · tribute_sent a jugador 5 |
| 101:06 | dvorakkrazy · tribute_sent a jugador 1 |
| 101:06 | dvorakkrazy · tribute_sent a jugador 2 |
| 101:06 | dvorakkrazy · tribute_sent a jugador 3 |
| 101:06 | dvorakkrazy · tribute_sent a jugador 5 |
| 101:06 | dvorakkrazy · tribute_sent a jugador 6 |
| 101:17 | dvorakkrazy · tribute_sent a jugador 1 |
| 101:17 | dvorakkrazy · tribute_sent a jugador 2 |
| 101:17 | dvorakkrazy · tribute_sent a jugador 3 |
| 101:17 | dvorakkrazy · tribute_sent a jugador 5 |
| 101:17 | dvorakkrazy · tribute_sent a jugador 6 |
| 101:36 | AdrianJPG · resign |
[ AI ANALYSIS · 1 CREDIT ]
What really happened in this match?
Wolo.gg analyzes every decision: build order, eco, micro, common mistakes by bracket. Personalized analysis on WhatsApp or Discord in 30 seconds.
Civ guide
Khmer
Perfil
Jugador #1978408